Map: Apotheosis LE

Players

Montu - Winner!

  • Race: Terran Terran
  • League: Gold

RageCage

  • Race: Zerg Zerg

VOD

Have the link to the VOD?

Description

Time

  • Played on: Sept. 12, 2016, 5:01 p.m.
  • Length: 10:12
Show
View Real Time Build Order
Export as new Build Order

Montu Terran - Winner!

Build Orders: Reaper Expand 

Get SALT Encoding   

  12  0:01  SCV  
  13  0:13  SCV  
  14  0:18  Supply Depot  
  14  0:25  SCV  
  15  0:39  SCV  
  15  0:41  Barracks  
  16  0:47  Refinery  
  16  0:51  SCV  
  17  1:03  SCV  
  18  1:16  SCV  
  19  1:29  Orbital Command  
  19  1:31  Reaper  
  20  1:47  Command Center  
  20  1:57  Barracks  
  20  1:59  SCV  
  21  2:07  Supply Depot  
  21  2:08  Barracks Reactor  
  21  2:12  SCV  
  22  2:17  Refinery  
  22  2:26  SCV  
  23  2:32  Factory  
  23  2:38  SCV  
  24  2:47  Marine  
  24  2:49  Barracks Tech Lab  
  24  2:50  SCV  
  26  3:02  Orbital Command, SCV  
  26  3:03  Marine  
  28  3:05  Supply Depot  
  28  3:09  Stimpack  
  28  3:10  Marine  
  29  3:23  Starport  
  29  3:25  Factory Reactor  
  29  3:28  Marine  
  29  3:29  Marine  
  29  3:31  Marine  
  32  3:40  Supply Depot  
  32  3:45  Marine  
  32  3:47  SCV x2  
  35  3:59  SCV x2  
  37  4:08  Marine x3  
  40  4:10  Medivac x2  
  40  4:14  SCV x2  
  46  4:19  Supply Depot  
  46  4:26  Marine x3  
  46  4:27  SCV x2  
  51  4:33  Widow Mine  
  53  4:39  SCV x2  
  53  4:41  Liberator  
  53  4:44  Liberator, Marine x3  
  58  4:48  Supply Depot  
  58  4:51  SCV x2  
  63  5:02  Marine x2  
  63  5:03  SCV  
  69  5:07  Factory Tech Lab, Supply Depot  
  69  5:15  Supply Depot  
  69  5:19  Marine x2  
  69  5:20  Marine  
  72  5:37  Marine  
  72  5:49  Widow Mine  
  74  5:50  Marine x2  
  74  5:55  Marauder, Liberator  
  77  6:13  Marine x2  
  77  6:16  Marauder  
  84  6:23  SCV x2  
  86  6:31  Marine x2  
  77  6:37  Marine  
  77  6:38  SCV x2  
  80  6:48  Marine  
  80  6:49  Marine  
  82  6:57  Liberator  
  82  7:06  Liberator  
  82  7:09  Marine x2  
  82  7:10  Marine  
  82  7:15  SCV x2  
  90  7:27  SCV  
  90  7:28  Supply Depot  
  94  7:30  SCV, Marine x2  
  94  7:33  Command Center  
  94  7:34  Refinery  
  94  7:35  Refinery  
  91  7:40  Engineering Bay, Liberator, Marine  
  91  7:43  Barracks  
  91  7:44  Engineering Bay  
  92  7:45  Barracks  
  92  7:47  Marine x2  
  94  7:58  Marine  
  97  8:01  Supply Depot  
  97  8:04  SCV x2  
  97  8:05  Marine x2  
  102  8:14  Medivac  
  102  8:16  Marine  
  102  8:23  Marine x2  
  102  8:26  Supply Depot  
  104  8:34  Marine  
  104  8:38  Barracks Tech Lab  
  104  8:39  Medivac  
  104  8:40  Barracks Tech Lab  
  107  8:47  Supply Depot x2  
  107  8:52  Marauder  
  105  9:13  Marauder  
  105  9:15  Marauder x2, Marine x2  
  112  9:21  Barracks  
  112  9:22  Barracks  
  112  9:24  Barracks  
  116  9:33  Marine x2  
  116  9:35  Marauder  
  116  9:36  Marine x2  
  122  9:38  Orbital Command  
  122  9:53  Marine x2  
Show
View Real Time Build Order
Export as new Build Order

RageCage Zerg 

Build Orders: Hatch First 

Get SALT Encoding   

  12  0:05  Drone  
  13  0:14  Drone  
  14  0:36  Hatchery  
  14  0:39  Drone  
  14  0:47  Overlord  
  14  1:08  Extractor  
  13  1:11  Spawning Pool  
  13  1:12  Drone x2  
  13  1:17  Drone  
  15  1:32  Drone  
  16  1:39  Overlord  
  16  1:52  Drone  
  17  1:54  Drone  
  18  2:02  Queen x2  
  22  2:11  Zergling x4  
  24  2:20  Metabolic Boost  
  24  2:29  Drone x3  
  27  2:35  Drone x2  
  29  2:47  Drone x3  
  32  2:51  Overlord  
  32  2:58  Drone  
  33  3:07  Drone x2  
  33  3:09  Evolution Chamber  
  34  3:21  Spine Crawler  
  34  3:25  Zergling x2  
  34  3:26  Drone x5  
  39  3:33  Baneling Nest  
  38  3:56  Drone x3  
  38  3:58  Overlord x2  
  41  4:06  Hatchery  
  41  4:08  Queen x2  
  44  4:13  Zerg Missile Weapons Level 1  
  44  4:25  Zergling x10  
  49  4:40  Drone x2  
  49  4:41  Drone  
  52  5:04  Baneling x2  
  52  5:10  Extractor  
  52  5:12  Extractor  
  52  5:13  Drone x2  
  52  5:15  Overlord x2  
  52  5:28  Lair  
  52  5:48  Drone x2  
  52  5:49  Drone x2  
  57  5:50  Drone  
  57  5:52  Drone x6  
  45  6:17  Spore Crawler  
  44  6:19  Zergling x8  
  45  6:34  Zerg Missile Weapons Level 2, Roach Warren  
  44  6:43  Zergling x16  
  44  6:44  Zergling x8  
  56  7:00  Hydralisk Den  
  53  7:08  Drone x2  
  53  7:09  Drone x5  
  53  7:26  Baneling x2  
  53  7:27  Baneling x5  
  48  7:32  Queen x3  
  48  7:34  Drone  
  48  7:35  Drone x6  
  60  7:59  Roach x2  
  60  8:00  Roach x5  
  60  8:04  Overlord  
  60  8:05  Overlord  
  65  8:21  Roach x2  
  65  8:22  Hydralisk x3, Roach  
  65  8:24  Overlord x2, Ravager x3  
  75  8:39  Spore Crawler  
  74  8:42  Extractor  
  74  8:44  Extractor  
  74  8:45  Ravager  
  74  8:46  Roach x4  
  74  8:47  Roach  
  77  9:19  Drone  
  77  9:20  Drone x2  
  77  9:21  Drone x5  
  85  9:29  Queen  
  87  9:35  Zergling x2  
  87  9:36  Zergling x16  
Tags
 
Add a new tag
Caveats
  • Supply blocks, unpowered buildings, or Contaminate may cause inaccurate times.
  • Supply counts are checked every 10 seconds.